AoeStats
← ITA | Raffy

QS Arena

503420247Analyzed
4v4 RM · 1mo ago on Aug 31, 2026· 48m 18s· 8 players
Game mode
Random Map
Map size
Large (8 player)
Population
200
Speed
Normal
Resources
Standard
Victory
Conquest
Starting age
Dark Age
Ending age
Imperial Age
RankedLock teamsTeams togetherTeam positionsShared explorationLock speedFull tech treeHidden civsTurbo modeCheats
Victory
Defeat
🇺🇸 Khmer · United States
1414
+13
🇧🇷 Romans · Brazil
1413
+13
🇭🇰 Portuguese · Hong Kong SAR China
1345
+16
🇨🇳 Turks · China
1222
+22
🇮🇹 Slavs · Italy
1403
-19
1373
-17
🇺🇸 Japanese · United States
1341
-16
🇪🇸 Ethiopians · Spain
1291
-13
[RöBïN]
8:00 Feudal Age
11:34 Castle Age
9:27 Double-Bit Axe
10:00 Horse Collar
12:40 Bow Saw
20:10 Heavy Plow
20:36 Gold Mining
20:39 Stone Mining
21:18 Fletching
21:06 Elite Skirmisher
21:48 Padded Archer Armor
22:35 Bodkin Arrow
23:43 Loom
24:35 Wheelbarrow
23:46 Town Watch
25:41 Hand Cart
28:39 Imperial Age
27:08 Leather Archer Armor
27:44 Squires
27:47 Scale Mail Armor
28:16 Ballistics
28:50 Stone Shaft Mining
28:55 Gold Shaft Mining
29:03 Chain Mail Armor
29:22 Thumb Ring
29:29 Torsion Engines
29:50 Conscription
30:36 Chemistry
30:13 Bracer
29:40 Onager
31:44 Halberdier
34:58 Plate Mail Armor
34:38 Forging
35:07 Siege Onager
36:11 Siege Engineers
36:17 Masonry
Slayer
8:27 Feudal Age
9:10 Loom
9:14 Double-Bit Axe
11:58 Castle Age
10:53 Horse Collar
12:58 Bow Saw
26:28 Imperial Age
24:16 Town Watch
25:07 Wheelbarrow
24:56 Ballistics
26:18 Stone Mining
26:45 Fletching
27:05 Arrowslits
27:19 Murder Holes
28:25 Chemistry
27:37 Fortified Wall
27:09 Treadmill Crane
27:27 Bodkin Arrow
27:49 Pikeman
28:31 Bracer
28:33 Scale Mail Armor
29:05 Guard Tower
29:02 Onager
31:12 Chain Mail Armor
31:28 Forging
30:48 Halberdier
32:46 Keep
33:38 Yasama
DetectiveYemitoShumafuk
7:30 Feudal Age
11:32 Castle Age
9:43 Double-Bit Axe
9:59 Horse Collar
17:56 Heavy Plow
18:56 Bow Saw
20:07 Wheelbarrow
20:22 Gold Mining
20:24 Loom
21:54 Gold Shaft Mining
21:10 Stone Mining
21:20 Town Watch
22:56 Hand Cart
26:11 Imperial Age
25:37 Scale Barding Armor
25:42 Forging
25:53 Bloodlines
25:44 Husbandry
26:44 Chain Barding Armor
27:59 Chemistry
27:22 Conscription
27:28 Shatagni
28:13 Onager
29:30 Padded Archer Armor
30:59 Siege Engineers
31:05 Fletching
31:31 Leather Archer Armor
33:06 Grand Trunk Road
32:39 Elite Ghulam
33:41 Heavy Camel Rider
35:04 Arson
35:20 Squires
35:22 Scale Mail Armor
35:57 Iron Casting
35:53 Bodkin Arrow
36:10 Masonry
36:50 Stone Shaft Mining
38:58 Bracer
39:14 Chain Mail Armor
40:11 Ring Archer Armor
45:35 Thumb Ring
ITA | Raffy
8:04 Feudal Age
11:58 Castle Age
10:14 Double-Bit Axe
10:48 Horse Collar
13:01 Bow Saw
14:19 Loom
16:05 Wheelbarrow
17:49 Heavy Plow
19:12 Stone Mining
21:03 Hand Cart
20:54 Gold Mining
22:26 Scale Mail Armor
25:41 Imperial Age
24:40 Gold Shaft Mining
24:23 Chain Mail Armor
24:18 Forging
24:02 Pikeman
24:43 Squires
26:31 Iron Casting
25:47 Fletching
26:34 Siege Engineers
26:01 Halberdier
28:13 Two-Man Saw
27:47 Plate Mail Armor
28:24 Blast Furnace
28:06 Conscription
27:43 Onager
29:43 Siege Onager
38:08 Druzhina
MAZZUCCO
8:13 Feudal Age
9:32 Loom
13:04 Castle Age
11:21 Town Watch
11:22 Double-Bit Axe
14:15 Bow Saw
15:58 Wheelbarrow
16:00 Horse Collar
21:54 Hand Cart
23:35 Heavy Plow
28:23 Imperial Age
26:10 Ballistas
28:07 Ballistics
29:05 Heavy Scorpion
30:49 Siege Engineers
31:44 Chemistry
30:51 Capped Ram
33:01 Siege Ram
36:22 Conscription
609170940
4:24 Loom
7:53 Feudal Age
11:35 Castle Age
9:28 Double-Bit Axe
10:08 Horse Collar
12:45 Bow Saw
19:34 Wheelbarrow
19:36 Heavy Plow
20:50 Hand Cart
25:12 Imperial Age
22:51 Stone Mining
22:51 Gold Mining
23:04 Loom
24:20 Stone Shaft Mining
24:29 Ballistics
24:41 Scale Mail Armor
24:51 Forging
24:26 Treadmill Crane
25:19 Elite Organ Gun
26:20 Conscription
27:21 Arquebus
28:23 Chemistry
28:20 Crop Rotation
29:36 Bombard Tower
31:11 Siege Engineers
33:05 Pikeman
33:31 Gambesons
33:32 Arson
34:03 Chain Mail Armor
34:23 Iron Casting
34:03 Chain Mail Armor
33:50 Halberdier
35:08 Murder Holes
35:24 Masonry
35:54 Plate Mail Armor
38:37 Padded Archer Armor
38:27 Fletching
38:37 Padded Archer Armor
39:38 Blast Furnace
38:27 Crossbowman
39:12 Thumb Ring
39:12 Arbalester
39:50 Bodkin Arrow
40:10 Leather Archer Armor
42:51 Two-Man Saw
42:11 Bracer
43:22 Ring Archer Armor
48:48 Caravan
Abhinavcj
8:16 Feudal Age
10:57 Castle Age
9:08 Double-Bit Axe
9:19 Horse Collar
12:22 Bow Saw
16:19 Heavy Plow
17:35 Wheelbarrow
18:43 Hand Cart
19:03 Gold Mining
19:03 Stone Mining
20:19 Gold Shaft Mining
24:35 Imperial Age
21:51 Loom
23:30 Scale Barding Armor
23:36 Forging
24:30 Chain Barding Armor
24:14 Husbandry
24:24 Bloodlines
25:25 Iron Casting
24:36 Elite Battle Elephant
26:02 Crop Rotation
26:30 Plate Barding Armor
27:43 Blast Furnace
27:24 Stone Mining
31:42 Devotion
35:41 Tusk Swords
36:21 Conscription
641627092
8:27 Feudal Age
10:21 Loom
13:43 Castle Age
13:31 Double-Bit Axe
13:28 Horse Collar
28:27 Imperial Age
27:51 Wheelbarrow
28:22 Wheelbarrow
28:01 Forging
27:56 Scale Barding Armor
29:15 Iron Casting
28:52 Bloodlines
28:43 Husbandry
29:25 Hand Cart
29:32 Chain Barding Armor
29:04 Heavy Camel Rider
33:04 Blast Furnace
35:32 Artillery
36:16 Plate Barding Armor
42:16 Fletching
42:26 Padded Archer Armor
43:11 Ballistics
42:46 Murder Holes
43:30 Thumb Ring
43:53 Parthian Tactics
43:41 Bodkin Arrow
44:02 Leather Archer Armor
44:03 Town Watch
46:20 Heavy Cavalry Archer
48:31 Bracer
49:01 Ring Archer Armor
Connection lost

Rejoining the realm…

Still unreachable

The connection could not be restored.

Session expired

The server has moved on; the page needs a fresh start.